 Dungeon Crawl Stone Soup version 0.27.1-34-g3ba077fa99 (webtiles) character file.

Game seed: 1592910380427466952

0 cbfl8 the Sneak (level 1, -2/19 HPs)
             Began as a Minotaur Delver on Jan 14, 2022.
             Slain by a wyvern (9 damage)
             ... on level 7 of the Dungeon.
             The game lasted 00:00:48 (130 turns).

cbfl8 the Sneak (Minotaur Delver)                    Turns: 130, Time: 00:00:48

Health: -2/19      AC:  3    Str: 16    XL:     1   Next: 0%
Magic:  0/0        EV: 11    Int:  7    God:
Gold:   0          SH:  0    Dex: 11    Spells: 0/0 levels left

rFire    . . .     SeeInvis .   a - +0 hand axe
rCold    . . .     Faith    .   (no shield)
rNeg     . . .     Spirit   .   b - +0 leather armour
rPois    .         Reflect  .   (helmet restricted)
rElec    .         Harm     .   (no cloak)
rCorr    .         Rampage  .   (no gloves)
Will     .....                  (no boots)
Stlth    ++........             (no amulet)
HPRegen  0.06/turn              (no ring)
MPRegen  0.07/turn              (no ring)

@: no status effects
A: horns 2, retaliatory headbutt
a: no special abilities


You were on level 7 of the Dungeon.
You visited 1 branch of the dungeon, and saw 3 of its levels.

Inventory:

Hand Weapons
 a - a +0 hand axe (weapon)
Armour
 b - a +0 leather armour (worn)
 i - a +0 ring mail
 j - a +2 robe of fire resistance
Wands
 g - a wand of digging (3)
Scrolls
 c - a scroll of fog
 d - a scroll of magic mapping
 e - a scroll of fear
Potions
 f - a potion of haste
 h - a potion of flight {unknown}


   Skills:
 + Level 3.6 Fighting
 + Level 2.4 Axes
 + Level 2.1 Dodging
 + Level 4.1 Stealth


You couldn't memorise any spells.
You didn't know any spells.
Your spell library was empty.

Dungeon Overview and Level Annotations

Branches:
Dungeon (7/15)
 Temple: D:4-7

Altars:


Innate Abilities, Weirdness & Mutations

You have a pair of horns on your head.
You reflexively headbutt those who attack you in melee.


Message History

Welcome, cbfl8 the Minotaur Delver.
It is said that the Orb of Zot exists deep within this dungeon.
Press ? for a list of commands and other information.
Found a stone staircase leading down.
Unknown command.
Unknown command.
A sky beast comes into view.
There is a stone staircase leading down here.
You climb downwards.
There is a stone staircase leading up here.
Found a viscous pink potion.
h - a viscous pink potion
Found a stone staircase leading down.
There is a stone staircase leading down here.
You climb downwards.
Found a ring mail and an embroidered robe.
There is a stone staircase leading up here.
You see here a +0 ring mail.
i - a +0 ring mail
There is a stone staircase leading up here.
Found a crooked lead wand.
You see here a +2 robe of fire resistance.
j - a +2 robe of fire resistance A wyvern comes into view.
A wight comes into view. It is wielding a +0 dagger.
The wyvern hisses angrily.
The wyvern bites you!
Ouch! That really hurt!
There is a stone staircase leading up, spattered with blood here.
You can't go down here!
The wyvern bites you!
You die...

♣.♣ ## ♣.♣ ♣.. ♣.♣ ♣..♣
♣.♣♣l.♣ ♣♣.♣..♣
########### ....
.........@########.#######
#########.l...z......../..
#..###...######### #.##
#...# ...# #...# #####
#...# #...# #####


You could see a wyvern and a wight.

Vanquished Creatures (others)
  3 plants (D:7)
3 creatures vanquished.

Notes
Turn   | Place    | Note
-------+----------+-------------------------------------------
     0 | D:5      | cbfl8 the Minotaur Delver began the quest for the Orb.
     0 | D:5      | Reached XP level 1. HP: 19/19 MP: 0/0
     1 | D:5      | Noticed a sky beast
   118 | D:7      | Noticed a wyvern
   119 | D:7      | Noticed a wight
   130 | D:7      | Slain by a wyvern

Illustrated notes

Levels and vault maps discovered:
D:5:      layout_basic, mainiacjoe_overflow_cross_hatched, serial_shops,
          nicolae_shop_temple_entry_statues_fountains, serial_glass,
          glass_columns_a, glass_columns_c, glass_columns_b, glass_columns_a,
          glass_columns_a, glass_columns_a, glass_columns_c, glass_columns_b,
          glass_columns_a, glass_columns_a, uniq_duvessa
D:6:      layout_basic, minivault_22, st_stairs_6
D:7:      nzn_winding_woodlands_three_and_one
          [nzn_winding_woodlands_5x15_pockets, nzn_winding_woodlands_5x15_twine,
          nzn_winding_woodlands_5x15_crooked,
          nzn_winding_woodlands_center_garden], layout_basic, elyvilon_altar_4,
          lemuel_mausoleum_altar_yredelemnul, slow_altar_1,
          mainiacjoe_overflow_paths, temple_statues, serial_bayou,
          serial_bayou_lagoon_b, serial_bayou_crossing, serial_bayou_lagoon_a,
          serial_bayou_pond_b
